Map: 锈化山巅-天梯版

Players

TIME (Oliveira) - Winner!

  • Race: Terran Terran

Yukki (ReWhite)

  • Race: Protoss Protoss
  • League: Master

Event: DreamHack SC2 Masters 2021 Winter

VOD

Have the link to the VOD?

Description

Time

  • Played on: Oct. 6, 2021, 7:32 a.m.
  • Length: 7:27

All games in this series

Show
View Real Time Build Order
Export as new Build Order

TIME Terran - Winner!

Build Orders: Reaper Expand 

Get SALT Encoding   

  12  0:00  SCV  
  13  0:12  SCV  
  14  0:17  Supply Depot  
  14  0:24  SCV  
  15  0:39  SCV  
  15  0:40  Barracks  
  16  0:44  Refinery  
  16  0:51  SCV  
  17  1:03  SCV  
  18  1:15  SCV  
  19  1:28  Reaper, Orbital Command  
  20  1:47  Command Center  
  20  1:54  Supply Depot  
  20  1:55  SCV  
  20  2:00  Marine  
  22  2:08  SCV  
  22  2:11  Factory  
  23  2:20  SCV  
  24  2:23  Barracks Reactor, Bunker  
  24  2:28  Refinery  
  24  2:32  SCV  
  25  2:45  SCV  
  26  2:54  Hellion  
  26  2:57  Starport  
  28  2:59  SCV, Orbital Command  
  28  3:02  Marine x2  
  31  3:11  SCV  
  32  3:16  Factory Tech Lab  
  32  3:20  Marine x2  
  32  3:23  SCV  
  32  3:26  SCV  
  36  3:30  Supply Depot  
  36  3:35  SCV  
  36  3:38  SCV  
  36  3:39  Factory Tech Lab, Marine  
  36  3:40  Marine  
  40  3:43  Raven  
  42  3:54  SCV  
  42  3:55  SCV  
  41  3:57  Marine x2  
  41  4:00  Cyclone  
  46  4:03  Barracks  
  46  4:05  Supply Depot  
  46  4:07  SCV  
  46  4:08  Barracks  
  48  4:10  SCV  
  48  4:16  Marine x2  
  50  4:20  SCV  
  50  4:22  SCV  
  52  4:26  Engineering Bay  
  52  4:28  Supply Depot  
  52  4:33  Siege Tank  
  52  4:35  SCV  
  52  4:37  SCV  
  57  4:39  Refinery  
  57  4:43  Marine x2  
  59  4:47  SCV  
  59  4:49  SCV  
  59  4:52  Supply Depot, Terran Infantry Weapons Level 1  
  61  4:54  Marine  
  61  4:59  Missile Turret  
  62  5:00  SCV  
  62  5:02  SCV  
  62  5:03  Marine x2  
  62  5:05  Stimpack  
  66  5:08  Marine  
  66  5:13  Starport Reactor  
  68  5:14  SCV x2, Refinery  
  68  5:21  Combat Shield, Marine  
  68  5:22  Marine  
  68  5:26  SCV  
  68  5:27  Supply Depot, Marine  
  72  5:30  Factory Reactor  
  72  5:31  SCV  
  72  5:32  Marine  
  74  5:42  Marine x2  
  75  5:43  Supply Depot  
  75  5:45  SCV x2  
  75  5:48  Marauder  
  80  5:50  Marauder  
  80  5:52  Supply Depot  
  80  5:53  Supply Depot  
  80  5:54  Medivac x2  
  86  6:05  SCV  
  86  6:06  Marine x2  
  86  6:07  Widow Mine x2  
  93  6:14  Marauder  
  93  6:15  Missile Turret  
  95  6:19  Marauder  
  97  6:29  Medivac x2  
  101  6:34  Widow Mine x2  
  101  6:36  SCV x2  
  101  6:39  Command Center  
  107  6:40  Supply Depot  
  107  6:43  Concussive Shells  
  107  6:44  Marauder  
  107  6:45  Marine  
  110  6:55  Marine  
  110  6:57  Marauder  
  107  7:06  Marine  
  102  7:12  SCV  
  111  7:25  Barracks  
  111  7:26  Barracks  
Show
View Real Time Build Order
Export as new Build Order

Yukki Protoss 

Build Orders: 1 Gate Expand, Zealot Archon, Archon Drop, Dark Templar Rush 

Get SALT Encoding   

  12  0:00  Probe  
  13  0:12  Probe  
  14  0:17  Pylon  
  14  0:24  Probe  
  15  0:36  Probe (Chrono Boost)  
  15  0:37  Gateway  
  16  0:44  Assimilator  
  16  0:49  Probe (Chrono Boost)  
  17  0:55  Probe (Chrono Boost)  
  18  1:03  Probe  
  19  1:15  Probe  
  20  1:25  Cybernetics Core  
  20  1:34  Nexus  
  20  1:43  Pylon  
  20  1:50  Assimilator  
  20  1:51  Probe  
  21  1:58  Adept (Chrono Boost)  
  23  2:01  Warp Gate  
  23  2:03  Probe  
  24  2:15  Probe  
  25  2:19  Adept (Chrono Boost)  
  27  2:30  Twilight Council  
  27  2:33  Probe  
  28  2:45  Probe (Chrono Boost)  
  30  2:51  Probe (Chrono Boost)  
  30  2:52  Robotics Facility  
  30  2:55  Probe (Chrono Boost)  
  32  2:59  Probe (Chrono Boost)  
  32  3:00  Probe (Chrono Boost)  
  33  3:06  Gateway  
  33  3:10  Probe  
  33  3:12  Probe  
  35  3:19  Dark Shrine  
  35  3:22  Probe  
  35  3:26  Probe  
  37  3:27  Gateway  
  37  3:30  Pylon  
  38  3:34  Probe  
  38  3:35  Warp Prism (Chrono Boost)  
  40  3:41  Probe  
  41  3:51  Probe  
  41  3:52  Stalker  
  44  3:57  Probe  
  44  3:59  Assimilator  
  44  4:02  Pylon  
  45  4:04  Probe  
  45  4:05  Shield Battery  
  45  4:09  Probe  
  47  4:13  Assimilator  
  47  4:16  Probe  
  47  4:17  Pylon  
  48  4:21  Probe  
  49  4:28  Probe  
  50  4:31  Dark Templar x2  
  50  4:33  Dark Templar  
  50  4:34  Probe  
  57  4:40  Probe  
  58  4:45  Charge (Chrono Boost)  
  58  4:46  Probe  
  58  4:52  Archon, Probe  
  60  5:04  Probe  
  60  5:05  Gateway  
  61  5:07  Nexus  
  61  5:08  Pylon  
  61  5:10  Probe  
  62  5:16  Probe (Chrono Boost)  
  63  5:21  Gateway  
  63  5:22  Probe (Chrono Boost)  
  63  5:24  Gateway  
  63  5:28  Probe (Chrono Boost)  
  65  5:31  Dark Templar  
  65  5:32  Probe (Chrono Boost)  
  65  5:34  Probe (Chrono Boost)  
  69  5:37  Probe (Chrono Boost)  
  69  5:40  Archon  
  69  5:42  Probe, Shield Battery  
  70  5:45  Gateway  
  70  5:46  Gateway  
  70  5:48  Observer, Probe  
  73  5:54  Probe  
  73  5:55  Dark Templar  
  73  5:56  Sentry  
  78  6:04  Pylon  
  78  6:06  Pylon  
  78  6:08  Pylon  
  78  6:18  Probe, Pylon  
  78  6:21  Immortal, Dark Templar  
  78  6:23  Probe x2  
  87  6:30  Probe, Archon  
  88  6:35  Zealot x4  
  88  6:37  Sentry  
  98  6:47  Zealot x2  
  98  6:51  Gateway  
  98  6:53  Gateway, Zealot  
  104  6:58  Zealot x4  
  78  7:11  Zealot x3  
  78  7:15  Zealot  

Tags
 
Add a new tag
Caveats
  • Supply blocks, unpowered buildings, or Contaminate may cause inaccurate times.
  • Supply counts are checked every 10 seconds.